 Dungeon Crawl Stone Soup version 0.21.1-1-g345015fe64 (webtiles) character file.

25 Olga the Grave Robber (level 2, 0/19 HPs)
             Began as a Demonspawn Necromancer on Mar 3, 2018.
             Slain by Sigmund
             ... wielding a cursed +0 scythe
              (16 damage)
             ... on level 2 of the Dungeon.
             The game lasted 00:06:15 (1642 turns).

Olga the Grave Robber (Demonspawn Necromancer)      Turns: 1642, Time: 00:06:16

Health: 0/19       AC:  5    Str:  8    XL:     2   Next: 82%
Magic:  1/5        EV: 12    Int: 16    God:
Gold:   77         SH:  0    Dex: 13    Spells: 3/5 levels left

rFire    + . .     SeeInvis .   d - +0 dagger
rCold    x . .     Gourm    .   (no shield)
rNeg     . . .     Faith    .   a - +0 robe
rPois    .         Spirit   .   (no helmet)
rElec    .         Reflect  .   (no cloak)
rCorr    .         Harm     .   f - +0 pair of gloves
MR       .....                  (no boots)
Stlth    ++........             (no amulet)
HPRegen  0.06/turn              e - ring of fire
MPRegen  0.09/turn              (no ring)

@: very slightly contaminated
A: thin metallic scales 1
a: no special abilities


You were on level 2 of the Dungeon.
You were hungry.

You visited 1 branch of the dungeon, and saw 2 of its levels.

You collected 77 gold pieces.

Inventory:

Hand Weapons
 d - a +0 dagger (weapon)
Armour
 a - a +0 robe (worn)
 f - a +0 pair of gloves (worn)
Jewellery
 e - a ring of fire (left hand)
Scrolls
 h - a scroll of remove curse
 j - a scroll of teleportation {unknown}
 k - a scroll of magic mapping {unknown}
Potions
 g - a potion of brilliance {unknown}
 i - a potion of lignification {unknown}
Books
 b - a book of Necromancy

   Spells                             Type                      Level
   a - Pain                           Necromancy                   1
   b - Animate Skeleton               Necromancy                   1
   c - Vampiric Draining              Necromancy                   3
   d - Regeneration                   Charms/Necromancy            3
   e - Animate Dead                   Necromancy                   4
   f - Borgnjor's Vile Clutch         Necromancy/Earth             5
Comestibles
 c - 2 rations


   Skills:
 + Level 1.0 Short Blades
 + Level 2.0 Dodging
 + Level 1.8 Stealth
 + Level 2.2 Spellcasting
 + Level 4.8 Necromancy


You had 3 spell levels left.
You knew the following spells:

 Your Spells              Type           Power        Failure   Level  Hunger
a - Pain                  Necr           ###.         2%          1    #......
b - Animate Skeleton      Necr           N/A          2%          1    #......


Dungeon Overview and Level Annotations

Branches:
Dungeon (2/15)

Altars:

Annotations:
D:2 Sigmund


Innate Abilities, Weirdness & Mutations

You are partially covered in thin metallic scales. (AC +2)


Message History

Confirm with . or Enter, or press ? or * to list all spells.
You don't have enough magic to cast that spell.
Unknown command.
You hit Sigmund but do no damage.
Sigmund is moderately wounded.
Sigmund casts a spell at you. You resist with significant effort.
You hit Sigmund but do no damage.
Sigmund is moderately wounded.
Sigmund misses you.
You hit Sigmund but do no damage.
Sigmund is moderately wounded.
You hit Sigmund but do no damage.
Sigmund is moderately wounded.
Sigmund barely misses you.
You hit Sigmund.
Sigmund is heavily wounded.
Sigmund hits you with a scythe!
Ouch! That really hurt!
You die...

#......# #......#
#......# #......#
#......# #......+
#......#
###@###############
#..@..............#
#.#.#############.#
#.#.#.#.......# #.#
#.#.#.##.####.# #.#
#.#.#....# #.# #.#
#.#.#.#######.###.#
..#.#.............#
#.#.#.#######.#####
#.#.#########.#


You could see Sigmund.

Vanquished Creatures
  A gnoll (D:1)
  2 bats (D:1)
  4 goblins (D:1)
  3 hobgoblins (D:1)
  3 kobolds (D:1)
  A frilled lizard (D:2)
14 creatures vanquished.

Notes
Turn   | Place    | Note
-------+----------+-------------------------------------------
     0 | D:1      | Olga the Demonspawn Necromancer began the quest for the Orb.
     0 | D:1      | Reached XP level 1. HP: 13/13 MP: 3/3
    37 | D:1      | Learned a level 1 spell: Animate Skeleton
   489 | D:1      | Gained mutation: You are partially covered in thin metallic scales. (AC +2) [demonic ancestry]
   489 | D:1      | Reached XP level 2. HP: 16/19 MP: 0/5
   691 | D:1      | Reached skill level 1 in Short Blades
  1569 | D:2      | Noticed Sigmund
  1642 | D:2      | Slain by Sigmund

Skill      XL: |  1  2 |
---------------+-------+-----
Short Blades   | 1 |  1.0
Dodging        | 2 |  2.0
Stealth        | |  1.8
Spellcasting   | |  2.2
Necromancy     | |  4.8

Action                   || total
-------------------------++-------
Melee: Dagger            ||    36
 Cast: Pain              ||    29
  Use: Scroll            ||     2
  Eat: Chunk             ||     2
Armor: Robe              ||    27
Dodge: Dodged            ||    44
